 Dungeon Crawl Stone Soup version 0.31-a0-971-g75a2e9a4b4 (webtiles) character file.

Game seed: 181288223028746017

7168 Flugkiller the Destroyer (level 10, -1/53 HPs)
             Began as a Deep Elf Fire Elementalist on Oct 28, 2023.
             Was a Believer of Vehumet.
             Slain by Grum
             ... wielding a -2 spear
              (9 damage)
             ... on level 8 of the Dungeon.
             The game lasted 00:17:23 (9463 turns).

Flugkiller the Destroyer (DEFE)                     Turns: 9463, Time: 00:17:24

Health: -1/53      AC: 10    Str:  5    XL:     10   Next: 86%
Magic:  4/26       EV: 12    Int: 25    God:    Vehumet [**....]
Gold:   450        SH:  0    Dex: 15    Spells: 19/29 levels left

rFire   + . .        (no weapon)
rCold   + . .        (no shield)
rNeg    . . .        e - +3 leather armour {rC+}
rPois   .            F - +0 helmet
rElec   .            (no cloak)
rCorr   .            k - +0 pair of gloves
SInv    .            i - +1 pair of boots
Will    +....        (no amulet)
Stlth   ++           j - ring of wizardry
HPRegen 0.28/turn    p - ring of protection from fire
MPRegen 0.20/turn

%: wizardry (x1)
@: no status effects
A: no striking features
a: Renounce Religion


You were on level 8 of the Dungeon.
You worshipped Vehumet.
Vehumet was pleased with you.
You visited 2 branches of the dungeon, and saw 9 of its levels.
You also visited: Ossuary.

You collected 450 gold pieces.

Inventory:

Missiles
 y - a throwing net
 E - a curare-tipped dart
Armour
 e - a +3 leather armour of cold resistance (worn)
   (You took it off Ijyb on level 3 of the Dungeon)
 i - a +1 pair of boots (worn)
   (You found it on level 2 of the Dungeon)
 k - a +0 pair of gloves (worn)
   (You found it on level 2 of the Dungeon)
 r - the +1 scale mail of Hepliaklqana's Regard {Drain Regen+ Dex+2}
   (You found it on level 8 of the Dungeon)

   Dex+2:     It affects your dexterity (+2).
   Regen+:    It increases your rate of health regeneration.
   Drain:     It drains your maximum health when unequipped.
 F - a +0 helmet (worn)
   (You found it on level 8 of the Dungeon)
Jewellery
 j - a ring of wizardry (left hand)
   (You found it on level 1 of the Dungeon)
 p - a ring of protection from fire (right hand)
   (You found it on level 3 of the Dungeon)
 C - a ring of wizardry
   (You found it on level 6 of the Dungeon)
Wands
 a - a wand of flame (9)
   (You found it in an ossuary)
 b - a wand of paralysis (16)
   (You took it off Ijyb on level 3 of the Dungeon)
 z - a wand of mindburst (10)
   (You found it on level 8 of the Dungeon)
Scrolls
 c - a scroll of poison
 f - a scroll of amnesia
 l - a scroll of vulnerability
 s - 3 scrolls of immolation
 t - 9 scrolls of teleportation
 v - a scroll of fog
 A - a scroll of revelation {unknown}
 B - a scroll of fear {unknown}
 D - a scroll of enchant weapon {unknown}
Potions
 d - a potion of enlightenment {unknown}
 g - a potion of mutation {unknown}
 h - 3 potions of haste
 m - 6 potions of attraction
 n - 3 potions of lignification
 o - 2 potions of berserk rage
 q - 7 potions of curing
 u - a potion of resistance {unknown}
 w - a potion of heal wounds
 x - 2 potions of degeneration {unknown}


   Skills:
 + Level 1.6 Fighting
 + Level 3.8 Dodging
 - Level 2.4 Stealth
 - Level 10.0 Spellcasting
 * Level 12.6 Conjurations
 - Level 10.0 Fire Magic
 + Level 2.2 Earth Magic
 + Level 2.2 Evocations


You had 19 spell levels left.
You knew the following spells:

 Your Spells              Type           Power      Damage    Failure   Level
a - Foxfire               Conj/Fire      100%       2x1d9     1%          1
b - Scorch                Fire           100%       2d9       1%          2
c - Stone Arrow           Conj/Erth      98%        3d13      1%          3
d - Flame Wave            Conj/Fire      62%        2d14      1%          4

Your spell library contained the following spells:

 Spells                   Type           Power      Damage    Failure   Level
 Static Discharge         Conj/Air       88%        3-7/arc   1%          2
 Inner Flame              Hex/Fire       37%        N/A       1%          3
 Volatile Blastmotes      Fire/Tloc      74%        2d16      1%          3
 Sticky Flame             Conj/Fire      62%        2d8       1%          4
 Fireball                 Conj/Fire      31%        3d13      1%          5
 Ignite Poison            Fire/Tmut/Pois 29%        N/A       2%          3
 Wereblood                Tmut           12%        N/A       4%          2
 Irradiate                Conj/Tmut      22%        3d19      7%          5
 Call Canine Familiar     Summ           12%        N/A       10%         3
 Sigil of Binding         Hex            12%        N/A       10%         3
 Animate Armour           Summ/Erth      36%        N/A       21%         4
 Leda's Liquefaction      Hex/Erth       9%         N/A       21%         4
 Cause Fear               Hex            6%         N/A       32%         4
 Dimensional Bullseye     Hex/Tloc       6%         N/A       32%         4
 Ignition                 Fire           29%        3d9       96%         8
 Simulacrum               Ice/Necr       6%         N/A       99%         6
 Ozocubu's Refrigeration  Ice            6%         4d8       100%        7
 Lehudib's Crystal Spear  Conj/Erth      24%        10d7      100%        8
 Dragon's Call            Summ           6%         N/A       100%        9
 Polar Vortex             Ice            6%         N/A       100%        9


Dungeon Overview and Level Annotations

Branches:
Dungeon (8/15) Zot: 25871  Temple (1/1) D:5 Zot: 5992 Ossuary (visited)
   Lair: D:8-11

Altars:
Ashenzari
Cheibriados
Dithmenos
Elyvilon
Fedhas
Hepliaklqana
Kikubaaqudgha
Makhleb
Nemelex Xobeh
Okawaru
Qazlal
Ru
Sif Muna
Trog
Uskayaw
Vehumet
Wu Jian
Xom
Zin
The Shining One

Shops:
D:4 (   D:7 *

Annotations:
D:3 3 runed translucent doors, Dirtsage's ghost, amateur OpSh; Sigmund
D:7 1 runed translucent door, bmj180's ghost, novice HuCj
D:8 exclusions: hornet and wolf, Grum


Message History

The hornet is severely wounded. (Press . to intensify the flame waves.)
The wolf howls!
You feel sick. The hornet closely misses you.
Unknown command.
A wave of flame ripples out!
The flame wave engulfs the hornet!
The hornet is almost dead.
The flame wave engulfs the wolf.
The wolf is moderately wounded.
You feel sick. The hornet stings you.
You are more poisoned.
You feel yourself slow down. The hornet stings you!
You are more poisoned.
You feel as though you will be slow longer.
Unknown command.
A wave of flame ripples out!
The flame wave engulfs the hornet.
The hornet is almost dead.
The flame wave engulfs the wolf!
The wolf is almost dead.
The flame wave engulfs Grum!
Grum is moderately wounded.
The flame wave engulfs the wolf!
The wolf is heavily wounded.
You finish channelling waves of flame.
You feel extremely sick. The hornet stings you!
* * * LOW HITPOINT WARNING * * *
You feel as though you will be slow longer.
The hornet stings you.
* * * LOW HITPOINT WARNING * * *
You feel as though you will be slow longer.
Unknown command.
You feel better. The hornet stings you!
* * * LOW HITPOINT WARNING * * *
You are lethally poisoned!
You feel as though you will be slow longer.
The hornet misses you.
Unknown command.
Okay, then.
Unknown command.
You feel better. The hornet stings you.
* * * LOW HITPOINT WARNING * * *
You feel as though you will be slow longer.
The hornet barely misses you. Grum closely misses you.
The hornet stings you but does no damage.
Unknown command.
Okay, then.
Okay, then.
Okay, then.
Okay, then.
Okay, then.
Casting: Flame Wave (safe; 1% risk of failure)
Confirm with . or Enter, or press ? or * to list all spells.
Aiming: Stone Arrow (safe; 1% risk of failure)
Press: ? - help, Shift-Dir - straight line, f - hornet
Aim: a hornet (almost dead, 64% to hit)
The stone arrow hits the hornet!!
You kill the hornet!
Vehumet accepts your kill.
You feel your power returning.
Grum hits you from afar with a -2 spear.
* * * LOW HITPOINT WARNING * * *
Grum hits you but does no damage.
Unknown command.
Unknown command.
You feel much better.
Grum hits you from afar with a -2 spear!!
* * * LOW HITPOINT WARNING * * *
Grum hits you but does no damage.
Unknown command.
You feel much better. Grum closely misses you.
Unknown command.
Grum attacks as he pursues you!
Grum hits you from afar with a -2 spear!
Casting: Stone Arrow (safe; 1% risk of failure)
Confirm with . or Enter, or press ? or * to list all spells.
Flames lash the wolf.
You kill the wolf!
Vehumet accepts your kill. Grum hits you but does no damage.
Grum closely misses you.
Casting: Scorch (safe; 1% risk of failure)
Confirm with . or Enter, or press ? or * to list all spells.
A wave of flame ripples out! (Press . to intensify the flame waves.) Grum hits you from afar with a -2 spear!
Casting: Flame Wave (safe; 1% risk of failure)
Confirm with . or Enter, or press ? or * to list all spells.
Flames lash Grum.
Grum is severely wounded.
Grum's fire resistance burns away.
Grum hits you from afar with a -2 spear.
Grum hits you from afar with a -2 spear!
* * * LOW HITPOINT WARNING * * *
Casting: Scorch (safe; 1% risk of failure)
Confirm with . or Enter, or press ? or * to list all spells.
A wave of flame ripples out! (Press . to intensify the flame waves.)
You feel yourself speed up.
Grum hits you from afar with a -2 spear!
You die...

..# #...#
..###...#
############
........#
#...........
.####.###
#.##########
.# #.# ###g
## #.#


hh.y #.# .### #.#############.# #...........@.gh# ###############.# .# .. ###
You could see Grum (combustible) and a wolf.

Vanquished Creatures
  Pikel (D:5)
  An ugly thing (D:8)
  Grinder (D:5)
  A hornet (D:8)
  A wraith (D:8)
  Eustachio (D:6)
  6 yaks (D:8)
  A steam dragon (D:8)
  An acid dragon (D:8)
  2 water moccasins
  Pargi (D:3)
  A black bear (D:4)
  2 orc warriors (D:7)
  4 ice beasts
  3 sky beasts
  3 ogres
  A centaur (D:7)
  3 wolves (D:8)
  3 phantoms
  2 lemures (D:5)
  3 kobold brigands
  Blork the orc (D:6)
  5 bullfrogs
  A gnoll sergeant (D:8)
  5 scorpions
  4 wights (D:6)
  2 killer bees (D:8)
  2 howler monkeys
  A human zombie (Ossuary)
  3 hounds
  A jelly (D:4)
  3 centaur zombies (Ossuary)
  4 orc priests
  A gnoll bouda (D:4)
  A sleepcap (D:4)
  Ijyb (D:3)
  4 iguanas
  7 orc wizards
  2 ogre zombies (Ossuary)
  2 hound zombies (D:5)
  7 mummies (Ossuary)
  3 hound skeletons (D:5)
  A howler monkey skeleton (D:5)
  5 adders
  9 gnolls
  2 ufetubi (D:4)
  7 adder zombies
  A worm (D:2)
  3 dart slugs
  18 orcs
  8 ball pythons
  5 endoplasms
  6 giant cockroaches
  7 goblins
  4 hobgoblins
  7 jackals
  6 quokkas
  9 bats
  5 frilled lizards
  4 goblin zombies (Ossuary)
  A hobgoblin zombie (Ossuary)
  22 kobolds
  5 kobold zombies (Ossuary)
  8 quokka zombies (Ossuary)
  8 rats
  2 rat zombies (Ossuary)
255 creatures vanquished.

Vanquished Creatures (collateral kills)
  A foxfire (D:1)
1 creature vanquished.

Vanquished Creatures (others)
  An orc warrior (D:8)
  A human (D:7)
  A bullfrog (D:8)
  A howler monkey (D:8)
  976 foxfires
980 creatures vanquished.

Grand Total: 1236 creatures vanquished

Notes
Turn   | Place    | Note
-------+----------+-------------------------------------------
     0 | D:1      | Flugkiller the Deep Elf Fire Elementalist began the quest
                  | for the Orb.
     0 | D:1      | Reached XP level 1. HP: 10/10 MP: 6/6
   210 | D:1      | Reached XP level 2. HP: 15/15 MP: 5/8
   482 | D:1      | Reached skill level 2 in Conjurations
   636 | D:1      | Reached XP level 3. HP: 19/19 MP: 6/9
  1863 | D:2      | Reached XP level 4. HP: 24/24 MP: 7/11
  2045 | D:3      | Learned a level 2 spell: Scorch
  2095 | D:3      | Noticed Sigmund
  2249 | D:3      | Found a runed translucent gate.
  2254 | D:3      | Found a runed translucent gate.
  2254 | D:3      | Found a runed translucent gate.
  2255 | D:3      | Noticed Dirtsage's ghost (amateur OpSh)
  2273 | D:3      | Noticed Ijyb
  2305 | D:3      | Paralysed by Ijyb for 2 turns
  2308 | D:3      | Paralysed by Ijyb for 4 turns
  2313 | D:3      | Killed Ijyb
  2314 | D:3      | Reached skill level 3 in Conjurations
  2564 | D:3      | Noticed Pargi
  2583 | D:3      | Killed Pargi
  2584 | D:3      | Reached skill level 5 in Fire Magic
  2584 | D:3      | Reached XP level 5. HP: 28/28 MP: 4/13
  3059 | D:4      | Found Meudui's Antique Weapon Shoppe.
  3075 | D:4      | Reached skill level 4 in Conjurations
  3299 | D:4      | Noticed a black bear
  3529 | D:4      | Noticed an ogre
  3576 | D:4      | Killed an ogre
  3577 | D:4      | Reached XP level 6. HP: 32/32 MP: 7/15
  3639 | D:4      | Learned a level 3 spell: Stone Arrow
  3650 | D:4      | Reached skill level 5 in Spellcasting
  3757 | D:4      | Reached skill level 5 in Conjurations
  3757 | D:4      | Reached XP level 7. HP: 36/36 MP: 9/16
  4348 | D:5      | Entered Level 5 of the Dungeon
  4364 | D:5      | Reached skill level 6 in Conjurations
  4574 | D:5      | Noticed Pikel
  4577 | D:5      | Reached XP level 8. HP: 39/41 MP: 11/19
  4733 | D:4      | Reached skill level 7 in Conjurations
  4878 | D:5      | Noticed Grinder
  4902 | D:5      | Found a sand-covered staircase.
  4993 | Ossuary  | Entered an ossuary
  5799 | Ossuary  | Learned a level 4 spell: Flame Wave
  6030 | D:5      | Reached skill level 8 in Conjurations
  6093 | D:5      | Found a stormy altar of Qazlal.
  6165 | D:5      | Found a staircase to the Ecumenical Temple.
  6192 | D:5      | Killed Grinder
  6203 | Temple   | Entered the Ecumenical Temple
  6242 | D:5      | Killed Pikel
  6243 | D:5      | Reached skill level 9 in Conjurations
  6243 | D:5      | Reached XP level 9. HP: 45/45 MP: 6/23
  6589 | D:5      | Found a white marble altar of Elyvilon.
  6590 | D:5      | Found a glowing silver altar of Zin.
  6598 | D:5      | Found a sparkling altar of Nemelex Xobeh.
  6626 | D:5      | Found a radiant altar of Vehumet.
  6629 | D:5      | Found a hazy altar of Hepliaklqana.
  6630 | D:5      | Found a broken altar of Ashenzari.
  6633 | D:5      | Became a worshipper of Vehumet
  6639 | D:5      | Found a sacrificial altar of Ru.
  6660 | D:6      | Noticed Blork the orc
  6665 | D:6      | Killed Blork the orc
  6942 | D:6      | Noticed Eustachio
  7034 | D:6      | Reached skill level 10 in Conjurations
  7102 | D:6      | Killed Eustachio
  7664 | D:7      | Found a runed translucent door.
  7670 | D:7      | Reached * piety under Vehumet
  7670 | D:7      | Offered knowledge of Kiss of Death by Vehumet.
  7691 | D:7      | Noticed bmj180's ghost (novice HuCj)
  7758 | D:7      | Found an ancient bone altar of Kikubaaqudgha.
  7778 | D:7      | Reached XP level 10. HP: 50/50 MP: 7/25
  7822 | D:7      | Reached skill level 11 in Conjurations
  8151 | D:7      | Found Wemon's General Store.
  8378 | D:8      | Noticed a green ugly thing
  8403 | D:8      | Killed a green ugly thing
  8403 | D:8      | Offered knowledge of Static Discharge by Vehumet.
  8404 | D:8      | Reached skill level 10 in Spellcasting
  8406 | D:8      | Reached ** piety under Vehumet
  8501 | D:8      | Found a shimmering altar of Xom.
  8533 | D:8      | Reached skill level 12 in Conjurations
  8701 | D:8      | Noticed Grum
  9008 | D:8      | Reached skill level 1 in Earth Magic
  9008 | D:8      | Reached skill level 1 in Evocations
  9011 | D:8      | Identified the +1 scale mail of Hepliaklqana's Regard
                  | {Drain Regen+ Dex+2}
  9132 | D:8      | Reached skill level 1 in Fighting
  9132 | D:8      | Reached skill level 10 in Fire Magic
  9447 | D:8      | Paralysed by a hornet for 1 turns
  9463 | D:8      | Slain by Grum

Illustrated notes

Levels and vault maps discovered:
D:1:      onia_arrival_mini_spirals, layout_basic, serial_forest,
          infiniplex_forest_lined_corner, infiniplex_forest_clump_small,
          infiniplex_forest_end_2, infiniplex_forest_lined_3,
          infiniplex_forest_clump_tiny, infiniplex_forest_lined_room_3,
          infiniplex_forest_clump_small, minmay_misc_feat_diagonals,
          minmay_misc_feat_columns, dreamdust_princess_bridge
D:2:      layout_loops_ring
D:3:      layout_loops_ring, gammafunk_ghost_split, uniq_sigmund, uniq_pargi,
          uniq_ijyb
D:4:      layout_loops_ring, serial_shops, nicolae_shop_advertising_works
          [nicolae_subvault_shop_adworks]
D:5:      layout_cave_pools, nicolae_overflow_hallway_of_the_gods,
          minmay_temple_entry_wispy, mainiacjoe_ossuary_entry_find_the_door,
          uniq_grinder, uniq_pikel
D:6:      layout_gridville, corexii_item_surrounded_by_moat, uniq_blork_the_orc,
          uniq_eustachio
D:7:      minmay_flawed_box, layout_cave_pools, tgw_kikubaaqudgha, serial_shops,
          nicolae_shop_crystal, ebering_ghost_reflecting_pool
D:8:      layout_loops_ring, xom_confusion_cloud, gammafunk_ghost_cemetery,
          uniq_grum
Temple:   hellmonk_temple_rainy

Skill      XL: |  1  2  3  4  5  6  7  8  9 10 |
---------------+-------------------------------+-----
Conjurations   | 2 3 4 5 6 9 10 12 | 12.6
Fire Magic     | 4 5 6 8 9 10 | 10.0
Spellcasting   | 4 5 6 8 9 10 | 10.0
Earth Magic    | 2 |  2.2
Evocations     | 2 |  2.2
Fighting       | 1 |  1.6
Dodging        | 3 |  3.8
Stealth        | |  2.4

Action                     |  1- 3 |  4- 6 |  7- 9 | 10-12 || total
---------------------------+-------+-------+-------+-------++-------
  Melee: Unarmed           |     1 |     6 |    15 |     8 ||    30
   Cast: Foxfire           |   106 |   115 |   333 |    50 ||   604
         Scorch            |       |     8 |    51 |    22 ||    81
         Flame Wave        |       |       |     6 |    22 ||    28
         Stone Arrow       |       |       |       |     1 ||     1
  Evoke: Wand              |       |     3 |       |     2 ||     5
    Use: Scroll            |     1 |       |     9 |     2 ||    12
         Potion            |       |     4 |       |     4 ||     8
   Stab: Sleeping          |       |     1 |       |       ||     1
 Armour: Robe              |     5 |    14 |       |       ||    19
         Leather armour    |       |     2 |    88 |    61 ||   151
  Dodge: Dodged            |    12 |     9 |    84 |    27 ||   132

Table legend: (Time is in decaauts)
 A = Elapsed time spent in this place.
 B = Non-inter-level travel time spent in this place.
 C = Inter-level travel time spent in this place.
 D = Time resting spent in this place.
 E = Time spent auto-exploring this place.
 F = Levels seen in this place.
 G = Mean time per level.
                   A        B        C        D        E       F      G
               +--------+--------+--------+--------+--------+-----+--------+
         Total |   9459 |   9236 |    223 |   2802 |   4285 |  10 |  945.9 |
       Dungeon |   8491 |   8268 |    223 |   2373 |   4024 |   8 | 1061.4 |
        Temple |      7 |      7 |      0 |      0 |      0 |   1 |    7.0 |
       Ossuary |    960 |    960 |      0 |    429 |    261 |   1 |  960.0 |
               +--------+--------+--------+--------+--------+-----+--------+

Top non-repeatable levels by time:
     D:4: 1696 daAuts
     D:1: 1182 daAuts
     D:8: 1127 daAuts
     D:3: 1049 daAuts
     D:6: 971 daAuts
 Ossuary: 960 daAuts
     D:5: 954 daAuts
     D:2: 797 daAuts
     D:7: 711 daAuts
  Temple: 7 daAuts
